 Dungeon Crawl Stone Soup version 0.31-a0-217-g58bb5d79cf (webtiles) character file.

Game seed: 15797661305321290931

74 qw the Chopper (level 4, 0/28 HPs)
             Began as a Gargoyle Fighter on July 2, 2023.
             Slain by an orc
             ... wielding a +0 flail
              (3 damage)
             ... on level 2 of the Dungeon.
             The game lasted 00:00:39 (1500 turns).

qw the Chopper (Gargoyle Fighter)                   Turns: 1500, Time: 00:00:39

Health: 0/28       AC: 11    Str: 21    XL:     4   Next: 28%
Magic:  4/4        EV:  9    Int:  9    God:
Gold:   61         SH:  4    Dex:  9    Spells: 3/3 levels left

rFire   . . .        Y - +0 war axe
rCold   . . .        c - +0 buckler
rNeg    + . .        b - +0 scale mail
rPois   inf          (no helmet)
rElec   +            (no cloak)
rCorr   .            (no gloves)
SInv    .            l - +0 pair of boots
Will    .....        (no amulet) Stlth
                     (no ring)
HPRegen 0.24/turn    (no ring)
MPRegen 0.09/turn

%: no passive effects
@: no status effects
A: sickness immunity, AC +3, negative energy resistance 1, electricity
resistance, torment resistance 1, petrification resistance
a: no special abilities


You were on level 2 of the Dungeon.
You visited 1 branch of the dungeon, and saw 2 of its levels.

You collected 61 gold pieces.


Innate Abilities, Weirdness & Mutations

You are immune to sickness and miasma.
Your stone body is resilient. (AC +3)
You are immune to poison.
You resist negative energy. (rN+)
You are resistant to electric shocks. (rElec)
You are resistant to unholy torment.
You are immune to petrification.


   Skills:
 - Level 3.2 Fighting
 + Level 4.0 Axes
 - Level 3.2 Armour
 - Level 3.2 Shields


You had 3 spell levels left.
You didn't know any spells.
Your spell library was empty.

Inventory:

Hand Weapons
 e - a +0 flail
 Y - a +0 war axe (weapon)
Armour
 b - a +0 scale mail (worn)
 c - a +0 buckler (worn)
 l - a +0 pair of boots (worn)
Jewellery
 g - an amulet of the acrobat
Scrolls
 a - a scroll of identify {unknown}
Potions
 d - a potion of might
 h - 3 potions of curing {unknown}
 i - a potion of cancellation {unknown}

Dungeon Overview and Level Annotations

Branches:
Dungeon (2/15)

Altars:


Message History

You barely miss the orc. You miss the frilled lizard.
The frilled lizard bites you. The orc hits you with a +0 flail.
The frilled lizard bites you.
You completely miss the orc. You hit the ball python. You closely miss the orc.
You barely miss the frilled lizard.
The ball python bites you but does no damage.
You block the ball python's attack.
The frilled lizard bites you but does no damage.
The orc barely misses you. The orc closely misses you.
The ball python barely misses you. The ball python grabs you.
The ball python constricts you.
You slash the ball python!
You kill the ball python!
You hit the orc. You barely miss the orc. You barely miss the frilled lizard.
The frilled lizard barely misses you. The orc closely misses you.
The orc hits you with a +4 mace.
Your Axes skill increases to level 4!
You hit the orc.
The orc is moderately wounded.
You hit the orc. You hit the orc but do no damage.
You slash the frilled lizard!
You kill the frilled lizard!
The orc barely misses you. x2; The orc hits you with a +4 mace.
The hobgoblin closely misses you. You block the orc's attack. x2
You closely miss the orc.
The orc is lightly wounded.
You barely miss the orc. You hit the orc. You slash the hobgoblin!
You kill the hobgoblin!
You closely miss the orc. The orc hits you but does no damage.
The orc completely misses you. The orc hits you but does no damage.
The orc hits you with a +0 mace.
You hit the orc.
You kill the orc!
You hit the orc. You closely miss the orc. You barely miss the orc.
The orc hits you but does no damage. The orc hits you with a +4 mace.
The orc closely misses you.
You slash the orc!
You kill the orc!
You hit the orc. You closely miss the orc. The orc hits you with a +0 flail.
You die...

########## #..).....####
##.######.....
####...##########
#..<.......#
#########.##...###.#
.......)o..##.## #.# #
.......)@..##.####.######
#####.)o...............#
#.###............... #.
#..#...##.####)# #.
#..###.##.# #.. #l #..#
#.##.# ### g. #..# #.##.#
## #..###.##.# #..##...
.# ####


You could see 2 orcs.

Vanquished Creatures
  3 gnolls (D:2)
  A worm (D:2)
  2 dart slugs (D:1)
  3 orcs (D:2)
  3 endoplasms
  3 giant cockroaches
  2 goblins
  3 hobgoblins
  4 quokkas
  2 ball pythons (D:2)
  2 bats (D:2)
  3 frilled lizards
  3 kobolds
  3 rats
37 creatures vanquished.

Notes
Turn   | Place    | Note
-------+----------+-------------------------------------------
     0 | D:1      | qw the Gargoyle Fighter began the quest for the Orb.
     0 | D:1      | Reached XP level 1. HP: 14/14 MP: 1/1
     0 | D:1      | 0 ||| qw: Version: 0.3-a-40-ge99b1a8
     0 | D:1      | 0 ||| qw: Game counter: 37
     0 | D:1      | 0 ||| qw: Melee chars always use a shield: true
     0 | D:1      | 0 ||| qw: God list: Okawaru
     0 | D:1      | 0 ||| qw: Allow faded altars: false
     0 | D:1      | 0 ||| qw: Do Orc after clearing Dungeon:15 true
     0 | D:1      | 0 ||| qw: Do second Lair branch before Depths: true
     0 | D:1      | 0 ||| qw: Lair rune preference: random
     0 | D:1      | 0 ||| qw: Goals: Normal, Zot:1-4, Slime:5, God:TSO, Crypt,
                  | Tomb, Abyss, Pan, Hells, Win
     0 | D:1      | 0 ||| PLANNING D:1-11
    21 | D:1      | 21 ||| Stepping ~*~*~tactically~*~*~ (stealth).
    23 | D:1      | 23 ||| Stepping ~*~*~tactically~*~*~ (stealth).
    24 | D:1      | 24 ||| Stepping ~*~*~tactically~*~*~ (stealth).
    25 | D:1      | 25 ||| Stepping ~*~*~tactically~*~*~ (stealth).
    31 | D:1      | Reached skill level 2 in Axes
   123 | D:1      | Reached XP level 2. HP: 19/19 MP: 2/2
   499 | D:1      | 499 ||| Stepping ~*~*~tactically~*~*~ (stealth).
   510 | D:1      | 510 ||| FLEEEEING.
   516 | D:1      | 516 ||| Stepping ~*~*~tactically~*~*~ (stealth).
   518 | D:1      | 518 ||| Stepping ~*~*~tactically~*~*~ (stealth).
   560 | D:1      | 560 ||| Stepping ~*~*~tactically~*~*~ (hiding).
   698 | D:1      | 698 ||| Stepping ~*~*~tactically~*~*~ (hiding).
   710 | D:1      | Reached skill level 3 in Axes
   839 | D:1      | 839 ||| UPGRADING to +0 pair of boots.
   844 | D:1      | 844 ||| READING scroll labelled FEOXO MYPSICAGG.
   845 | D:1      | 845 ||| READING scroll labelled XUITETAEMU.
   846 | D:1      | 846 ||| READING scroll labelled JUAROOXIRA.
   847 | D:1      | 847 ||| READING scroll labelled HOLEAD EMEEV.
   968 | D:2      | Reached XP level 3. HP: 23/23 MP: 3/3
  1019 | D:2      | HP: 2/23 [worm (6)]
  1341 | D:2      | 1341 ||| DROPPING +0 club.
  1394 | D:2      | 1394 ||| Stepping ~*~*~tactically~*~*~ (hiding).
  1406 | D:2      | Reached XP level 4. HP: 22/28 MP: 4/4
  1449 | D:2      | 1449 ||| DROPPING +0 mace.
  1488 | D:2      | 1488 ||| Stepping ~*~*~tactically~*~*~ (stealth).
  1497 | D:2      | Reached skill level 4 in Axes
  1499 | D:2      | HP: 3/28 [orc/+4 mace (6)]
  1500 | D:2      | Slain by an orc

Levels and vault maps discovered:
D:1:      zaba_arrival_water, layout_basic
D:2:      layout_loops_ring, uniq_robin

Skill      XL: |  1  2  3  4 |
---------------+-------------+-----
Axes           | 2 3 4 |  4.0
Fighting       | |  3.2
Armour         | |  3.2
Shields        | |  3.2

Action                     |  1- 3 |  4- 6 || total
---------------------------+-------+-------++-------
  Melee: War axe           |    86 |    13 ||    99
    Use: Scroll            |     4 |       ||     4
 Armour: Scale mail        |    37 |     9 ||    46
  Dodge: Dodged            |    32 |    11 ||    43
  Block: Buckler           |     7 |     3 ||    10

Table legend:
 A = Non-vault XP
 B = Vault XP
 C = Vault XP percentage of total XP
 D = Non-vault monster count
 E = Vault monster count
 F = Vault count percentage of total count
                 A         B        C        D         E       F
            +---------+---------+-------+---------+---------+-------
      Total |     107 |       2 |   1.8 |      36 |       1 |   2.7
            +---------+---------+-------+---------+---------+-------
        D:1 |      30 |       0 |   0.0 |      15 |       0 |   0.0
        D:2 |      77 |       2 |   2.5 |      21 |       1 |   4.5
            +---------+---------+-------+---------+---------+-------
